 Dungeon Crawl Stone Soup version 0.25-a0-290-g4a1327ee3a (webtiles) character file.

Game seed: 2451179477608659939, levelgen mode: deterministic

32 FessEmpty the Skirmisher (level 3, 24/24 HPs)
             Began as a Gargoyle Berserker on Dec 13, 2019.
             Was a Follower of Trog.
             Got out of the dungeon alive.
             The game lasted 00:02:12 (1381 turns).

FessEmpty the Skirmisher (Gargoyle Berserker)       Turns: 1381, Time: 00:02:13

Health: 24/24      AC:  5    Str: 21    XL:     3   Next: 27%
Magic:  3/3        EV: 12    Int:  7    God:    Trog [*.....]
Gold:   33         SH:  0    Dex:  9    Spells: 2/2 levels left

rFire    . . .     SeeInvis .   a - +0 mace
rCold    . . .     Gourm    .   (no shield)
rNeg     + . .     Faith    .   b - +0 animal skin
rPois    ∞         Spirit   .   (no helmet)
rElec    +         Reflect  .   (no cloak)
rCorr    .         Harm     .   (no gloves)
MR       .....                  (no boots)
Stlth    +.........             (no amulet)
HPRegen  0.08/turn              (no ring)
MPRegen  0.08/turn              (no ring)

@: no status effects
A: negative energy resistance 1, electricity resistance, unbreathing,
petrification resistance, rot immunity, AC +3
a: Berserk, Renounce Religion


You escaped.
You worshipped Trog.
Trog was aware of your devotion.
You were not hungry.

You visited 1 branch of the dungeon, and saw 2 of its levels.

You collected 33 gold pieces.

Inventory:

Hand Weapons
 a - a +0 mace (weapon)
Armour
 b - a +0 animal skin (worn)
Jewellery
 d - a cursed ring of see invisible {unknown}
 i - an uncursed ring of ice {unknown}
Scrolls
 f - 3 scrolls of remove curse {unknown}
 j - a scroll of identify {unknown}
Potions
 e - a potion of flight {unknown}
 h - a potion of lignification {unknown}
Comestibles
 c - 5 rations
 g - 3 chunks of flesh


   Skills:
 + Level 3.7 Fighting
 + Level 3.3 Maces & Flails
 + Level 2.7 Armour
 + Level 2.0 Dodging


You had 2 spell levels left.
You didn't know any spells.
Your spell library was empty.

Dungeon Overview and Level Annotations

Branches:
Dungeon (2/15)

Altars:


Innate Abilities, Weirdness & Mutations

You are resistant to torment.
Your stone body is resilient. (AC +3)
You are immune to poison.
You resist negative energy. (rN+)
You are resistant to electric shocks. (rElec)
You can survive without breathing.
You are immune to petrification.
You are immune to rotting.


Message History

The hobgoblin shouts!
There is a stone staircase leading down here.
The hobgoblin barely misses you.
You closely miss the hobgoblin.
The hobgoblin hits you but does no damage.
You hit the hobgoblin but do no damage.
The hobgoblin hits you but does no damage.
You hit the hobgoblin but do no damage. The hobgoblin barely misses you.
You barely miss the hobgoblin.
The hobgoblin hits you but does no damage.
You sock the hobgoblin!
You kill the hobgoblin!
Trog accepts your kill.
No target in view!
You butcher the hobgoblin corpse.
g - 7 chunks of flesh (gained 4)
Things that are here:
a +0 club; a hobgoblin skeleton
Things that are here:
a +0 club; a hobgoblin skeleton
Things that are here:
a +0 club; a hobgoblin skeleton
There is a stone staircase leading down here.
Some of the chunks of flesh in your inventory have rotted away.
Some of the chunks of flesh in your inventory have rotted away.
A rat comes into view.
A rat is nearby!
A hobgoblin comes into view. It is wielding a +0 club.
The hobgoblin shouts!
The rat barely misses you.
You barely miss the rat. The rat misses you.
You hit the hobgoblin.
The hobgoblin is moderately wounded.
The rat barely misses you. The hobgoblin completely misses you.
The rat bites you.
You closely miss the hobgoblin.
The hobgoblin is moderately wounded.
The hobgoblin hits you with a +0 club. The rat barely misses you.
You hit the hobgoblin.
You kill the hobgoblin!
Trog accepts your kill. The rat barely misses you.
You hit the rat but do no damage. The rat barely misses you.
You hit the rat but do no damage.
The rat bites you but does no damage. x2
You barely miss the rat. The rat barely misses you.
You hit the rat.
You kill the rat!
Trog accepts your kill.
No target in view!
You start resting.
HP restored.
You butcher the rat corpse.
g - 5 chunks of flesh (gained 1)
You see here a rat skeleton. x2
You butcher the hobgoblin corpse.
g - 6 chunks of flesh (gained 1)
Things that are here:
a +0 club; a hobgoblin skeleton
Things that are here:
a +0 club; a hobgoblin skeleton A kobold comes into view.
It is wielding a +0 whip.
The kobold shouts!
The kobold throws a stone.
The stone hits you but does no damage.
Some of the chunks of flesh in your inventory have rotted away.
You see here a stone.
You hit the kobold but do no damage. The kobold hits you with a +0 whip.
You closely miss the kobold. The kobold barely misses you.
You closely miss the kobold.
The kobold hits you but does no damage. x2
You completely miss the kobold. The kobold misses you.
You miss the kobold. The kobold hits you but does no damage.
You closely miss the kobold. The kobold hits you but does no damage.
You sock the kobold!
You kill the kobold!
Trog accepts your kill.
No target in view!
Things that are here:
a +0 whip; a kobold corpse You see here a leather armour.
Done exploring.
Done exploring.
Eating one of 2 chunks of flesh.
You eat one of the 2 chunks of flesh.
This raw flesh tastes terrible.
There is an open door here.
There is a staircase leading out of the dungeon here.
There is an open door here.
There is a stone staircase leading down here.
You climb downwards.
There is a stone staircase leading up here.
c - 4 rations (gained 1)
A rat and a goblin come into view.
The goblin shouts!
Found a stone staircase leading up.
You see here 16 stones.
All of the chunks of flesh in your inventory have rotted away.
The rat barely misses you.
You closely miss the rat. The rat closely misses you.
The rat barely misses you.
You hit the rat but do no damage. The rat barely misses you.
You sock the rat!
You kill the rat!
Trog accepts your kill.
You hit the goblin.
The goblin is moderately wounded.
The goblin barely misses you. The goblin hits you.
You hit the goblin but do no damage.
The goblin is moderately wounded.
The goblin hits you.
You hit the goblin.
You kill the goblin!
Trog accepts your kill.
No target in view!
You start resting.
HP restored.
A hobgoblin comes into view.
The hobgoblin shouts!
An adder comes into view.
Found a stone staircase leading down.
The adder hisses angrily.
The hobgoblin hits you but does no damage.
You hit the hobgoblin.
You kill the hobgoblin!
Trog accepts your kill. The adder bites you.
You closely miss the adder. The adder closely misses you.
You hit the adder.
The adder is heavily wounded.
The adder bites you. The adder closely misses you.
You hit the adder.
The adder is heavily wounded.
The adder closely misses you. The adder bites you.
You barely miss the adder.
The adder is heavily wounded.
The adder barely misses you.
You hit the adder.
The adder is almost dead.
The adder closely misses you. The adder bites you but does no damage.
You barely miss the adder.
The adder is almost dead.
The adder bites you but does no damage.
You miss the adder.
The adder is almost dead.
The adder bites you but does no damage. The adder barely misses you.
You hit the adder.
You kill the adder!
Trog accepts your kill.
Your Dodging skill increases to level 2!
You have reached level 3!
Your experience leads to an increase in your attributes!
Increase (S)trength, (I)ntelligence, or (D)exterity?
You feel stronger.
You start resting.
HP restored.
You butcher the adder corpse.
g - 2 chunks of flesh You see here an adder skeleton. x2
f - 3 scrolls labeled COECIF KERAQE (gained 1)
You butcher the rat corpse.
g - 3 chunks of flesh (gained 1)
You see here a rat skeleton. x2
c - 5 rations (gained 1)
You see here 20 arrows.
j - a scroll labeled UGUVVO AZEUXT Saving game... please wait.
Welcome back, FessEmpty the Gargoyle Berserker.
Trog says: Kill them all!
Press ? for a list of commands and other information.
A bat comes into view.
A giant cockroach comes into view.
The bat closely misses you. The bat barely misses you.
The bat completely misses you.
You sock the bat!
You kill the bat!
Trog accepts your kill.
The giant cockroach bites you but does no damage.
You hit the giant cockroach.
The giant cockroach is heavily wounded.
The giant cockroach bites you but does no damage.
You barely miss the giant cockroach.
The giant cockroach is heavily wounded.
The giant cockroach closely misses you.
The giant cockroach bites you but does no damage.
You thump the giant cockroach!
You kill the giant cockroach!
Trog accepts your kill.
Saving game... please wait.
Welcome back, FessEmpty the Gargoyle Berserker.
Trog says: Kill them all!
Press ? for a list of commands and other information.
You butcher the bat corpse.
g - 4 chunks of flesh (gained 1)
You see here a bat skeleton. x2
There is a stone staircase leading up here.
You climb upwards.
There is a stone staircase leading down here.
There is an open door here.
Eating one of 4 chunks of flesh.
You eat one of the 4 chunks of flesh.
This raw flesh tastes terrible.
There is a staircase leading out of the dungeon here.
Are you sure you want to leave the Dungeon?
This will make you lose the game!
You have escaped!

.# #.##.########..########..# .#
#.###'......####......'#.# .# #.#
#........##........#.#
####.###...##...##...##...#.#####
.......#..####..##..####..#......
.#######..####..##..####..#......
.# #...##...##...##...##.#### .#
#..................##.# .#
##.......@........###.# .#
######..##..###### #.# .#
######..##..########.##
.########................##...##
.......#..................#....#
####.###...##...##...##...#....##
#.#.#..####..##..####..#).....
####...#..####..##..####..#...###
.....#.#...##...##...##...#####


There were no monsters in sight!

Vanquished Creatures
  An adder (D:2)
  A leopard gecko (D:1)
  2 giant cockroaches
  5 hobgoblins
  2 bats
  4 goblins
  3 kobolds (D:1)
  2 rats
20 creatures vanquished.

Notes
Turn   | Place    | Note
-------+----------+-------------------------------------------
     0 | D:1      | FessEmpty the Gargoyle Berserker began the quest for the
                  | Orb.
     0 | D:1      | Reached XP level 1. HP: 14/14 MP: 1/1
   559 | D:1      | Reached XP level 2. HP: 19/19 MP: 2/2
  1226 | D:2      | Reached XP level 3. HP: 20/24 MP: 3/3
  1381 | D:$      | Got out of the dungeon alive.

Levels and vault maps discovered:
D:1:      minmay_arrival_four_loops, layout_loops_ring, minmay_misc_feat_tiny,
          amethyst_killhole, minmay_strange_pillars
D:2:      layout_basic, chequers_ecumenical_altar_grove, uniq_sigmund

Skill      XL: |  1  2 |
---------------+-------+-----
Dodging        | 2 |  2.0
Fighting       | |  3.7
Maces & Flails | |  3.3
Armour         | |  2.7

Action                   || total
-------------------------++-------
Melee: Mace              ||    67
Invok: Berserk           ||     1
  Eat: Chunk             ||     3
Armor: Animal skin       ||    23
Dodge: Dodged            ||    44

Table legend:
 A = Non-vault XP
 B = Vault XP
 C = Vault XP percentage of total XP
 D = Non-vault monster count
 E = Vault monster count
 F = Vault count percentage of total count
                 A         B        C        D         E       F
            +---------+---------+-------+---------+---------+-------
      Total |      47 |       0 |   0.0 |      20 |       0 |   0.0
            +---------+---------+-------+---------+---------+-------
        D:1 |      25 |       0 |   0.0 |      14 |       0 |   0.0
        D:2 |      22 |       0 |   0.0 |       6 |       0 |   0.0
            +---------+---------+-------+---------+---------+-------
